 Dungeon Crawl Stone Soup version 0.29.1-15-g9cfb28693d (webtiles) character file.

Game seed: 15261894742483619191

289 Carnifexus the Trooper (level 6, -3/48 HPs)
             Began as a Demonspawn Fighter on Mar 26, 2023.
             Slain by a gnoll
             ... wielding a +0 halberd
             ... led by a gnoll bouda
              (6 damage)
             ... on level 4 of the Dungeon.
             The game lasted 00:05:48 (4441 turns).

Carnifexus the Trooper (Demonspawn Fighter)         Turns: 4441, Time: 00:05:49

Health: -3/48      AC:  6    Str: 18    XL:     6   Next: 9%
Magic:  0/6        EV: 10    Int: 10    God:
Gold:   187        SH:  4    Dex: 12    Spells: 5/5 levels left

rFire   . . .      SeeInvis .   a - +0 flail
rCold   . . .      Faith    .   c - +0 buckler
rNeg    . . .      Spirit   +   b - +0 scale mail
rPois   .          Reflect  .   (no helmet)
rElec   .          Harm     .   (no cloak)
rCorr   .          Rampage  .   (no gloves)
Will    .....                   (no boots)
Stlth   +.........              (no amulet)
HPRegen 0.16/turn               (no ring)
MPRegen 0.20/turn               (no ring)

@: no status effects
A: magic shield, magic regeneration, sturdy frame 1
a: no special abilities


You were on level 4 of the Dungeon.
You visited 1 branch of the dungeon, and saw 4 of its levels.

You collected 187 gold pieces.

Inventory:

Hand Weapons
 a - a +0 flail (weapon)
Armour
 b - a +0 scale mail (worn)
 c - a +0 buckler (worn)
Jewellery
 p - a ring of protection from fire
Scrolls
 e - 2 scrolls of identify
 f - a scroll of poison {unknown}
 k - a scroll of enchant weapon {unknown}
 l - a scroll of enchant armour {unknown}
 m - a scroll of teleportation {unknown}
 n - 3 scrolls of noise (quivered)
 o - 3 scrolls of vulnerability {unknown}
 r - a scroll of butterflies {unknown}
 w - a scroll of brand weapon {unknown}
 x - a scroll of immolation {unknown}
Potions
 d - a potion of might
 g - a potion of flight {unknown}
 h - a potion of degeneration {unknown}
 i - 3 potions of curing
 j - a potion of berserk rage {unknown}
 q - a potion of brilliance {unknown}
 s - 3 potions of attraction {unknown}
 t - a potion of mutation {unknown}
 u - a potion of heal wounds {unknown}
 v - a potion of magic {unknown}


   Skills:
 + Level 4.0 Fighting
 + Level 3.4 Maces & Flails
 + Level 3.6 Armour
 + Level 1.1 Dodging
 + Level 1.3 Stealth
 + Level 3.5 Shields


You had 5 spell levels left.
You didn't know any spells.
Your spell library contained the following spells:

 Spells                   Type           Power      Damage    Failure   Level
 Freeze                   Ice            0%         1d3       71%         1
 Frozen Ramparts          Ice            0%         1d1       97%         3
 Hailstorm                Conj/Ice       0%         3d3       100%        4
 Ice Form                 Ice/Tmut       0%         N/A       100%        4
 Summon Ice Beast         Ice/Summ       0%         N/A       100%        4
 Freezing Cloud           Conj/Ice/Air   0%         6-21      100%        5
 Simulacrum               Ice/Necr       0%         N/A       100%        6
 Polar Vortex             Ice            0%         N/A       100%        9


Dungeon Overview and Level Annotations

Branches:
Dungeon (4/15)
 Temple: D:4-7

Altars:


Innate Abilities, Weirdness & Mutations

When hurt, damage is shared between your health and your magic reserves.
You regenerate magic rapidly.
Your movements are slightly less encumbered by armour. (ER -2)


Message History

Found a stone staircase leading up.
Found a dagger.
You see here a +0 dagger.
You now have 178 gold pieces (gained 8).
w - a scroll labelled PYG REISUOQUALUN You now have 187 gold pieces (gained 9).
x - a scroll labelled ACU LIBRUOH A gnoll comes into view.
It is wielding a +0 halberd.
The gnoll shouts!
You hear a shout!
A gnoll comes into view. It is wielding a +0 halberd.
You block the gnoll's attack.
You barely miss the gnoll.
A gnoll comes into view. It is wielding a +0 flail.
The gnoll misses you.
The gnoll shouts!
You hit the gnoll.
The gnoll is lightly wounded.
You hear a shout!
The gnoll hits you with a +0 halberd!
The gnoll hits you from afar with a +0 halberd!
You closely miss the gnoll.
The gnoll is lightly wounded.
The gnoll barely misses you. The gnoll hits you with a +0 halberd!
You block the gnoll's attack. The gnoll closely misses you.
A gnoll bouda comes into view. It is wielding a +0 hand axe.
You sock the gnoll!
The gnoll is almost dead.
The gnoll hits you with a +0 halberd! The gnoll barely misses you.
The gnoll attacks as you move away! The gnoll hits you with a +0 halberd!
* * * LOW HITPOINT WARNING * * *
The gnoll bouda barks out a call to the hunt!
The gnolls pick up the pace!
The gnoll hits you from afar with a +0 halberd.
* * * LOW HITPOINT WARNING * * *
As you read the scroll labelled KEOSCHI YPSESM, it crumbles to dust.
You hear a loud clanging noise!
It was a scroll of noise.
You hear a shout!
The gnoll hits you from afar with a +0 halberd!
You die...

##..##
#..######..#
#....#####..# #..#
##..........##
##.##
###........g..##
#..#
...............##
##.## ###
............#..g#
#..# ##.#
###.......####.g##
#..###.##
#......## ##g.##
#......# ##....##
##@.#######....#
#..###
#...#....#.##.##
## #..#
##..#.#..#.....#
.###..#
##..#..#.'.#####
......##
##..##....#####
.......#
##...#########.##
.<# ##....#
###..#.# ..#
##....##
###...#### .##
#<....####....##


You could see a gnoll bouda and 3 gnolls.

Vanquished Creatures
  A scorpion (D:4)
  A gnoll bouda (D:4)
  An orc wizard (D:4)
  7 gnolls (D:4)
  3 adders
  A white imp (D:4)
  2 dart slugs (D:1)
  3 orcs
  8 ball pythons
  6 bats
  6 endoplasms
  3 giant cockroaches
  6 hobgoblins
  8 kobolds
  A quokka (D:1)
  7 frilled lizards
  6 goblins
  9 rats
  5 bushes (D:2)
84 creatures vanquished.

Vanquished Creatures (others)
  11 plants (D:2)
11 creatures vanquished.

Grand Total: 95 creatures vanquished

Notes
Turn   | Place    | Note
-------+----------+-------------------------------------------
     0 | D:1      | Carnifexus the Demonspawn Fighter began the quest for the
                  | Orb.
     0 | D:1      | Reached XP level 1. HP: 18/18 MP: 1/1
   197 | D:1      | Gained mutation: You regenerate magic rapidly. [demonic
                  | ancestry]
   197 | D:1      | Reached XP level 2. HP: 17/24 MP: 2/2
   747 | D:1      | Found a faded altar of an unknown god.
   756 | D:1      | Gained mutation: Your movements are slightly less
                  | encumbered by armour. (ER -2) [demonic ancestry]
   756 | D:1      | Reached XP level 3. HP: 29/29 MP: 3/3
  2040 | D:2      | Reached XP level 4. HP: 35/35 MP: 4/4
  3523 | D:4      | Noticed a scorpion
  3530 | D:4      | Killed a scorpion
  3531 | D:4      | Reached XP level 5. HP: 42/42 MP: 5/5
  3610 | D:4      | Reached skill level 1 in Dodging
  3617 | D:4      | Reached skill level 4 in Fighting
  3621 | D:4      | Reached skill level 1 in Stealth
  3630 | D:4      | Gained mutation: When hurt, damage is shared between your
                  | health and your magic reserves. [demonic ancestry]
  3630 | D:4      | Reached XP level 6. HP: 11/48 MP: 6/6
  4441 | D:4      | Slain by a gnoll

Illustrated notes

Levels and vault maps discovered:
D:1:      denvon_arrival_planthouse, layout_loops_ring,
          hellmonk_ecumenical_altar_run_dry, st_stairs_3
D:2:      layout_loops_ring, lexackson_kobold_supper
D:3:      layout_basic
D:4:      layout_layer_cave, nicolae_yredelemnul_corpse_copse,
          minmay_temple_entry_gardened_gates, dk_noncrumbling_4,
          kennysheep_generic_room_14

Skill      XL: |  1  2  3  4  5 |
---------------+----------------+-----
Shields        | 3 |  3.5
Armour         | 3 |  3.6
Maces & Flails | 2 3 |  3.4
Dodging        | 1 |  1.1
Fighting       | 4 |  4.0
Stealth        | 1 |  1.3

Action                   |  1- 3 |  4- 6 || total
-------------------------+-------+-------++-------
Melee: Flail             |   136 |   396 ||   532
  Use: Potion            |       |     4 ||     4
       Scroll            |       |     3 ||     3
 Stab: Invisible         |       |     7 ||     7
Armor: Scale mail        |    87 |    30 ||   117
Dodge: Dodged            |    73 |    62 ||   135
Block: Buckler           |    37 |    15 ||    52
